 Dungeon Crawl Stone Soup version 0.27-a0-380-g150de4c316 (webtiles) character file.

Game seed: 3273965447410943354

25825 dolemite99 the Severer (level 13, -1/116 HPs)
             Began as a Hill Orc Abyssal Knight on Feb 18, 2021.
             Was a High Priest of Lugonu.
             Slain by a spatial maelstrom (13 damage)
             ... summoned by Lugonu's corruption
             ... on level 3 of the Lair of Beasts.
             The game lasted 00:26:59 (20321 turns).

dolemite99 the Severer (Hill Orc Abyssal Knight)   Turns: 20321, Time: 00:27:00

Health: -1/116     AC: 20    Str: 20    XL:     13   Next: 22%
Magic:  14/22      EV: 10    Int: 12    God:    Lugonu [*****.]
Gold:   115        SH:  0    Dex: 10    Spells: 12/12 levels left

rFire    . . .     SeeInvis +   a - +4 war axe (vamp)
rCold    + . .     Faith    +   (no shield)
rNeg     + + .     Spirit   .   l - +2 swamp dragon scales
rPois    +         Reflect  .   F - +2 hat
rElec    .         Harm     .   f - +1 cloak
rCorr    .         Rampage  .   L - +2 pair of gloves
Will     .....                  s - +0 pair of boots
Stlth    ..........             C - amulet of faith
HPRegen  0.29/turn              (no ring)
MPRegen  0.18/turn              T - ring of Lufewix {*Drain +Blink rC+ rN++ SInv, =R}

@: about to teleport
A: no striking features
a: Renounce Religion, Evoke Blink, Depart the Abyss, Bend Space, Banish,
Corrupt, Enter the Abyss


You were on level 3 of the Lair of Beasts.
You worshipped Lugonu.
Lugonu was extremely pleased with you.
You visited 2 branches of the dungeon, and saw 14 of its levels.
You visited the Abyss 1 time.

You collected 882 gold pieces.
You spent 767 gold pieces at shops.

Inventory:

Hand Weapons
 a - a +4 vampiric war axe (weapon)
 b - a +0 arbalest
 c - a +4 whip of electrocution
 k - a +0 morningstar
 m - a +0 hand crossbow
 Y - a +0 triple crossbow
Missiles
 d - 444 stones
 n - 83 poisoned darts
 o - 109 sling bullets
 B - 26 boomerangs
 E - 35 bolts
 M - 153 arrows
 O - 4 curare-tipped darts
 P - 4 boomerangs of dispersal
Armour
 f - a +1 cloak (worn)
 g - a +0 kite shield
 l - +2 swamp dragon scales (worn)
 s - a +0 pair of boots (worn)
 y - the +0 ring mail "Dounivaz" {*Drain Will+ Int+2 Dex+3}
   (You found it on level 10 of the Dungeon)

   It affects your intelligence (+2).
   It affects your dexterity (+3).
   It affects your willpower, your defense against some magical effects.
   It causes draining when unequipped.
 F - a +2 hat (worn)
 L - a +2 pair of gloves (worn)
 X - +0 ice dragon scales
Magical Staves
 i - a staff of death
Jewellery
 h - a ring of willpower
 p - a ring of magical power
 q - a +6 ring of dexterity
 u - a +6 ring of strength
 C - an amulet of faith (around neck)
 H - a ring of willpower
 T - the ring of Lufewix (right hand) {*Drain +Blink rC+ rN++ SInv, =R}
   (You found it on level 10 of the Dungeon)

   [ring of see invisible]

   It protects you from cold.
   It greatly protects you from negative energy.
   It lets you see invisible.
   It lets you blink.
   It causes draining when unequipped.
Wands
 x - a wand of digging (8)
 D - a wand of random effects (6)
 G - a wand of paralysis (7)
 R - a wand of acid (10)
 S - a wand of flame (42)
Scrolls
 w - a scroll of torment
 A - a scroll of identify {@r1}
 J - a scroll of amnesia
 U - 6 scrolls of fear
 V - a scroll of magic mapping
 W - 5 scrolls of teleportation
 Z - a scroll of fog
Potions
 e - a potion of might
 j - 5 potions of brilliance
 r - 3 potions of attraction
 t - 5 potions of curing
 v - a potion of resistance
 z - a potion of cancellation
 I - a potion of berserk rage
 K - a potion of lignification
 N - 2 potions of invisibility
 Q - 3 potions of haste


   Skills:
 - Level 11.3 Fighting
 - Level 15.0 Axes
 - Level 8.7 Crossbows
 - Level 8.5 Armour
 - Level 0.7 Dodging
 - Level 12.4 Invocations
 + Level 5.4 Evocations


You had 12 spell levels left.
You didn't know any spells.
Your spell library contained the following spells:

 Spells                   Type           Power        Failure   Level
 Animate Skeleton         Necr           0%           45%         1
 Apportation              Tloc           0%           45%         1
 Beastly Appendage        Tmut           0%           45%         1
 Corona                   Hex            0%           45%         1
 Freeze                   Ice            0%           45%         1
 Magic Dart               Conj           0%           45%         1
 Summon Small Mammal      Summ           0%           45%         1
 Blink                    Tloc           N/A          61%         2
 Call Imp                 Summ           0%           61%         2
 Slow                     Hex            0%           61%         2
 Wereblood                Tmut           0%           61%         2
 Conjure Flame            Conj/Fire      0%           83%         3
 Frozen Ramparts          Ice            0%           83%         3
 Mephitic Cloud           Conj/Pois/Air  0%           83%         3
 Ozocubu's Armour         Ice            0%           83%         3
 Spider Form              Tmut/Pois      0%           83%         3
 Animate Armour           Summ/Erth      0%           99%         4
 Hailstorm                Conj/Ice       0%           99%         4
 Ice Form                 Ice/Tmut       0%           99%         4
 Leda's Liquefaction      Hex/Erth       0%           99%         4
 Summon Ice Beast         Ice/Summ       0%           99%         4
 Blade Hands              Tmut           0%           100%        5
 Bolt of Magma            Conj/Fire/Erth 0%           100%        5
 Iron Shot                Conj/Erth      0%           100%        6
 Statue Form              Tmut/Erth      0%           100%        6
 Shatter                  Erth           0%           100%        9


Dungeon Overview and Level Annotations

Branches:
Dungeon (11/15)            Temple (0/1) D:5            Lair (3/6) D:11
  Snake (0/4) Lair:2          Orc (0/2) D:10
  Swamp: Lair:2-4    Shoals: Lair:2-4

Altars:
Dithmenos
Elyvilon
Gozag
Kikubaaqudgha
Okawaru
Vehumet
Yredelemnul
Zin
The Shining One

Shops:
D:6 *   D:10 =   D:11 ?=*[=

Annotations:
D:3 exclusion: downstairs
D:4 Sigmund
Lair:1 exclusion: oklob plant
Lair:2 corrupted
Lair:3 corrupted
Abyss:1 Erolcha, Josephine


Message History

The spatial maelstrom hits you but does no damage.
Something hits the chaos spawn!
The chaos spawn dies!
The chaos spawn degenerates into a cloud of primal chaos!
The death yak gores something but does no damage.
The thrashing horror tramples the death yak.
The death yak holds its ground!
The thrashing horror tramples the death yak but does no damage.
The ynoxinul gestures.
Something hits the death yak!!
The death yak dies!
Something closely misses the thrashing horror.
The wizard hits the ynoxinul but does no damage.
Something tail-slaps the large abomination!!
The large abomination is splashed with acid.
Something barely misses the death yak.
Something hits the death yak but does no damage.
As you read the scroll of teleportation, it crumbles to dust.
You feel strangely unstable.
The thrashing horror tramples the spatial maelstrom.
The spatial maelstrom holds its ground!
The thrashing horror tramples the spatial maelstrom!
The spatial maelstrom holds its ground!
The thrashing horror tramples something but does no damage. x2
The spatial maelstrom hits you!
* * * LOW HITPOINT WARNING * * *
Space bends around you.
* * * LOW HITPOINT WARNING * * *
The spatial maelstrom barely misses you.
Something misses the mana viper.
The large abomination hits something.
The mana viper is engulfed in seething chaos.
The mana viper bites something.
The thrashing horror completely misses something.
The thrashing horror tramples something but does no damage.
The thrashing horror barely misses the spatial maelstrom.
The thrashing horror tramples the spatial maelstrom!
The spatial maelstrom holds its ground!
The ufetubus misses the wizard.
The ufetubus hits the wizard.
The death yak gores something!
The spatial maelstrom hits you!
You die...

#...X## ## ....##
.P#P4X#.3### SX#####...#
...X..YW#4Y##x..x...P'####
....2>(YYXX..##..........#
......XxX§355##...........
....#..#.#†p.+'...........
....Z.####X.###.........#.
#.#... #v#.# ##+#..######
# #..# #@#.# ..### #.#
##### .## ..


You could see a death yak, a spatial maelstrom (summoned), a large abomination
(summoned), a ynoxinul (summoned), 2 ufetubi, 2 neutral thrashing horrors, a
neutral mana viper (summoned), a neutral wizard (summoned) and a neutral
worldbinder (summoned).

Vanquished Creatures
  2 two-headed ogres
  Pikel (D:6)
  3 black mambas
  A centaur skeleton (D:11)
  2 cane toads (Lair:2)
  Psyche (D:11)
  Maggie (D:6)
  6 komodo dragons
  2 kobold demonologists (D:10)
  A troll (D:11)
  3 blink frogs (Lair:2)
  A shadow (D:11)
  4 wyverns
  24 yaks
  5 wraiths
  Eustachio (D:5)
  2 humans (D:8)
  Edmund (D:6)
  A soldier ant (D:10)
  3 sky beasts
  14 water moccasins
  3 ice beasts
  6 orc warriors
  2 black bears
  5 ogres
  13 wolves
  3 centaurs
  3 lemures (D:6)
  A phantom (D:8)
  4 kobold brigands
  7 bullfrogs
  A wyvern zombie (D:8)
  3 scorpions
  7 wights
  8 killer bees
  7 howler monkeys
  A centaur zombie (D:6)
  A bullfrog zombie (D:9)
  8 hounds
  2 jellies
  A quasit (D:10)
  A bullfrog skeleton (D:5)
  7 orc priests
  2 gnoll shamans
  Jessica (D:2)
  5 iguanas
  Ijyb (D:4)
  Natasha (thrice) (D:4 D:5)
  11 orc wizards
  7 worker ants
  2 hound skeletons
  16 gnolls
  18 adders
  3 shadow imps
  2 white imps
  4 ufetubi
  An ooze (D:3)
  2 worms
  4 dart slugs
  4 leopard geckos
  54 orcs
  9 giant cockroaches
  9 goblins
  11 hobgoblins
  24 kobolds
  2 quokkas
  3 ball pythons (Lair:2)
  7 bats
  A frilled lizard (D:2)
  A jackal skeleton (D:3)
  A quokka skeleton (D:10)
  12 rats
393 creatures vanquished.

Vanquished Creatures (others)
  Erica (Lair:2)
  A death yak (Lair:3)
  A black mamba (Lair:2)
  2 komodo dragons (Lair:2)
  4 blink frogs (Lair:2)
  6 yaks (Lair:2)
  A basilisk (Lair:2)
  A bullfrog (Lair:2)
  A white imp (D:6)
  20 fungi
  70 plants
  A withered plant (D:9)
109 creatures vanquished.

Grand Total: 502 creatures vanquished

Notes
Turn   | Place    | Note
-------+----------+-------------------------------------------
     0 | Abyss:1  | dolemite99 the Hill Orc Abyssal Knight began the quest for
                  | the Orb.
     0 | Abyss:1  | Reached XP level 1. HP: 19/19 MP: 2/2
     4 | Abyss:1  | Found a corrupted altar of Lugonu.
    11 | Abyss:1  | Noticed a large abomination
    18 | D:1      | Escaped the Abyss
    55 | D:1      | Reached skill level 3 in Axes
   345 | D:1      | Reached * piety under Lugonu
   357 | D:1      | Reached XP level 2. HP: 19/26 MP: 3/3
   381 | D:1      | Reached skill level 4 in Axes
   882 | D:1      | Reached XP level 3. HP: 31/31 MP: 4/4
  1206 | D:2      | Found an ancient bone altar of Kikubaaqudgha.
  1268 | D:2      | Reached skill level 5 in Axes
  1760 | D:2      | Reached XP level 4. HP: 30/39 MP: 5/5
  2227 | D:2      | Found a shadowy altar of Dithmenos.
  2304 | D:2      | Noticed Jessica
  2312 | D:2      | Killed Jessica
  2313 | D:2      | Reached skill level 6 in Axes
  2426 | D:2      | Reached ** piety under Lugonu
  2713 | D:3      | Found a glowing silver altar of Zin.
  2787 | D:3      | Reached XP level 5. HP: 45/45 MP: 6/6
  3308 | D:3      | Reached skill level 7 in Axes
  3775 | D:3      | Found an opulent altar of Gozag.
  4114 | D:4      | Noticed Sigmund
  4298 | D:4      | Reached skill level 8 in Axes
  4298 | D:4      | Reached XP level 6. HP: 37/51 MP: 7/7
  5000 | D:4      | Noticed Eustachio
  5038 | D:4      | Noticed Natasha
  5911 | D:3      | Reached skill level 9 in Axes
  6758 | D:4      | Killed Natasha
  6787 | D:4      | Noticed Ijyb
  6797 | D:4      | Killed Ijyb
  6798 | D:4      | Reached XP level 7. HP: 54/57 MP: 8/8
  6846 | D:4      | Reached skill level 10 in Axes
  6936 | D:5      | Entered Level 5 of the Dungeon
  7109 | D:5      | Found a staircase to the Ecumenical Temple.
  7691 | D:4      | Got a polished ring mail
  7756 | D:4      | Noticed Natasha
  7943 | D:5      | Killed Natasha
  7947 | D:5      | Killed Eustachio
  7948 | D:5      | Reached XP level 8. HP: 19/64 MP: 9/9
  8422 | D:5      | Noticed Natasha
  8438 | D:5      | Killed Natasha
  9098 | D:6      | Found a glowing golden altar of the Shining One.
  9155 | D:6      | Identified the +0 ring mail of Snakes and Ladders {rF-
                  | rCorr Str+8} (You found it on level 4 of the Dungeon)
  9250 | D:6      | Found Lymewuff's Assorted Antiques.
  9250 | D:6      | Noticed Maggie
  9287 | D:6      | Killed Maggie
  9287 | D:6      | Reached *** piety under Lugonu
  9288 | D:6      | Reached skill level 11 in Axes
  9288 | D:6      | Reached skill level 5 in Armour
  9367 | D:6      | Bought a sapphire ring for 85 gold pieces
  9367 | D:6      | Bought a scroll of identify for 34 gold pieces
  9367 | D:6      | Bought a potion of curing for 51 gold pieces
  9711 | D:6      | Noticed Edmund
  9733 | D:6      | Killed Edmund
  9734 | D:6      | Reached skill level 5 in Invocations
  9793 | D:6      | Noticed Pikel
  9817 | D:6      | Killed Pikel
  9818 | D:6      | Reached XP level 9. HP: 72/72 MP: 11/15
 10339 | D:7      | Reached skill level 10 in Invocations
 10785 | D:8      | Noticed a two-headed ogre
 10789 | D:8      | Banished a two-headed ogre
 10811 | D:8      | Reached XP level 10. HP: 80/80 MP: 11/19
 10816 | D:8      | Found a radiant altar of Vehumet.
 11123 | D:8      | Reached skill level 5 in Fighting
 11340 | D:8      | Reached **** piety under Lugonu
 11483 | D:8      | Noticed a two-headed ogre
 11492 | D:8      | Killed a two-headed ogre
 11493 | D:8      | Reached skill level 12 in Axes
 11547 | D:8      | Found an iron altar of Okawaru.
 11663 | D:8      | Noticed a two-headed ogre
 11919 | D:9      | Noticed Erolcha
 12262 | D:9      | Found a basalt altar of Yredelemnul.
 12542 | D:9      | Banished Erolcha
 12543 | D:9      | Reached skill level 13 in Axes
 12634 | D:9      | Paralysed by an orc for 3 turns
 12734 | D:9      | Reached XP level 11. HP: 91/92 MP: 20/20
 13205 | D:6      | Bought a scroll of enchant armour for 127 gold pieces
 13454 | D:10     | Entered Level 10 of the Dungeon
 13461 | D:10     | Reached ***** piety under Lugonu
 13582 | D:10     | Found a staircase to the Orcish Mines.
 13644 | D:10     | Found Agonoan's Jewellery Emporium.
 13891 | D:10     | Reached skill level 14 in Axes
 13978 | D:10     | Got an encrusted ring mail
 14188 | D:10     | Got a twitching copper ring
 14209 | D:10     | Identified the ring of Lufewix {*Drain +Blink rC+ rN++
                  | SInv} (You found it on level 10 of the Dungeon)
 14554 | D:10     | Found a white marble altar of Elyvilon.
 14735 | D:11     | Noticed a two-headed ogre
 14744 | D:11     | Banished a two-headed ogre
 14882 | D:11     | Found Vyeqicw's Magic Scroll Emporium.
 14886 | D:11     | Bought a scroll of fear for 49 gold pieces
 14886 | D:11     | Bought a scroll of fear for 49 gold pieces
 14886 | D:11     | Bought a scroll of fear for 49 gold pieces
 14886 | D:11     | Bought a scroll of teleportation for 42 gold pieces
 14888 | D:11     | Bought a scroll of identify for 28 gold pieces
 14888 | D:11     | Bought a scroll of identify for 28 gold pieces
 14888 | D:11     | Identified the +0 ring mail "Dounivaz" {*Drain Will+ Int+2
                  | Dex+3} (You found it on level 10 of the Dungeon)
 14914 | D:11     | Found Ekassu's Assorted Antiques.
 14975 | D:11     | Reached skill level 1 in Crossbows
 15043 | D:11     | Found a staircase to the Lair.
 15269 | D:11     | Noticed Josephine
 15288 | Lair:1   | Entered Level 1 of the Lair of Beasts
 15877 | Lair:1   | Reached skill level 5 in Crossbows
 15934 | Lair:1   | Reached XP level 12. HP: 95/103 MP: 21/21
 16187 | Lair:2   | Found a staircase to the Snake Pit.
 16242 | Lair:2   | Noticed a boulder beetle
 16253 | Lair:2   | Noticed a six-headed hydra
 16259 | Lair:2   | Banished a six-headed hydra
 16275 | Lair:2   | Banished a boulder beetle
 16671 | Lair:2   | Noticed a boulder beetle
 16674 | Lair:2   | Banished a boulder beetle
 16789 | Lair:2   | Noticed Erica
 16793 | Lair:2   | Corrupted Lair:2
 16794 | Lair:2   | Noticed a starcursed mass
 16794 | Lair:2   | Noticed a thrashing horror
 16796 | Lair:2   | Noticed a starcursed mass
 16798 | Lair:2   | Noticed a thrashing horror
 16800 | Lair:2   | Noticed a deep elf demonologist
 16801 | Lair:2   | Noticed a lorocyproca
 16802 | Lair:2   | Killed Erica
 17376 | Lair:2   | Reached skill level 10 in Fighting
 18352 | D:11     | Banished Josephine
 18368 | D:11     | Reached skill level 15 in Axes
 18368 | D:11     | Reached XP level 13. HP: 102/116 MP: 19/22
 18416 | D:11     | Bought an ivory wand for 120 gold pieces
 18432 | D:11     | Found Fetaulasa's Armour Shop.
 18600 | D:11     | Noticed Psyche
 18611 | D:11     | Killed Psyche
 18612 | D:11     | Reached skill level 1 in Evocations
 18692 | D:11     | Bought a scroll of enchant weapon for 105 gold pieces
 18916 | D:11     | Identified the +2 ring mail of the Untouchables {Rampage}
                  | (You found it on level 11 of the Dungeon)
 18951 | D:11     | Found Loxuxadu's Jewellery Emporium.
 19798 | D:11     | Found Fuydotu's Jewellery Boutique.
 20221 | Lair:3   | Reached skill level 5 in Evocations
 20316 | Lair:3   | Corrupted Lair:3
 20316 | Lair:3   | Noticed a starcursed mass
 20321 | Lair:3   | Slain by a spatial maelstrom

Illustrated notes

Levels and vault maps discovered:
D:1:      amcnicky_arrival_single_pillar, layout_rooms, lexackson_kobold_supper
D:2:      layout_loops_ring, old_standard_altar, nicolae_overflow_hidden_temple,
          minivault_26, minmay_split_cup_large, uniq_jessica
D:3:      layout_loops_corners, pdpol_temple_overflow_zin_treasury_gozag_greed
D:4:      layout_gridville, uniq_natasha, uniq_ijyb, uniq_sigmund,
          uniq_eustachio
D:5:      layout_loops_corners, minmay_temple_entry_hall,
          kennysheep_generic_room_9
D:6:      layout_basic, kennysheep_mini, serial_shops, shop_statue, uniq_edmund,
          uniq_pikel, uniq_maggie
D:7:      layout_basic
D:8:      layout_basic, vehumet_altar_wand_db, okawaru_humans, minivault_12
D:9:      layout_roguey, yredelemnul_altar_generic, special_room
          [special_room_orc], uniq_erolcha
D:10:     layout_irregular_city, david_orc_3, basic_altar, serial_shops,
          shop_fountains
D:11:     layout_basic, david_lair_shrubbed, serial_shops, nicolae_shop_crystal,
          nicolae_shop_competitors_out_of_business, nicolae_shop_crystal, shop,
          nicolae_shop_waterfront, uniq_psyche, uniq_josephine
Lair:1:   layout_roguey, serial_bayou_shore_b, lemuel_fruit_tree,
          minmay_lair_oklob_chamber
Lair:2:   layout_layer_cave, minmay_snake_entry_six_corridors,
          grunt_megastairs_5, uniq_erica
Lair:3:   layout_roguey

Skill      XL: |  1  2  3  4  5  6  7  8  9 10 11 12 13 |
---------------+----------------------------------------+-----
Axes           | 3 4 5 6 8 9 10 11 13 14 15 | 15.0
Armour         | 4 5 7 8 |  8.5
Fighting       | 4 7 8 11 | 11.3
Invocations    | 8 12 | 12.4
Crossbows      | 5 8 |  8.7
Evocations     | 5 |  5.4
Dodging        | |  0.7

Action                   |  1- 3 |  4- 6 |  7- 9 | 10-12 | 13-15 || total
-------------------------+-------+-------+-------+-------+-------++-------
Melee: Hand axe          |   131 |   141 |       |       |       ||   272
       War axe           |       |    14 |   259 |   677 |   152 ||  1102
 Fire: Shortbow          |       |       |    25 |       |       ||    25
       Arbalest          |       |       |       |    96 |     4 ||   100
Invok: Depart the Abyss  |     1 |       |       |       |       ||     1
       Banish            |       |       |     2 |     8 |       ||    10
       Corrupt           |       |       |       |     1 |     1 ||     2
       Bend Space        |       |       |       |       |     2 ||     2
Evoke: Wand              |       |       |       |     2 |       ||     2
  Use: Scroll            |       |     4 |    17 |     9 |     3 ||    33
       Potion            |       |     2 |     4 |     3 |     1 ||    10
 Stab: Paralysed         |       |       |       |     3 |       ||     3
Armor: Leather armour    |     5 |       |       |       |       ||     5
       Ring mail         |    54 |    17 |       |       |       ||    71
       Chain mail        |       |    66 |   132 |       |       ||   198
       Swamp dragon scal |       |       |    40 |   383 |    64 ||   487
       Skin              |       |       |       |       |     2 ||     2
Dodge: Dodged            |    76 |    68 |   125 |   381 |    63 ||   713

Table legend: (Time is in decaauts)
 A = Elapsed time spent in this place.
 B = Non-inter-level travel time spent in this place.
 C = Inter-level travel time spent in this place.
 D = Time resting spent in this place.
 E = Time spent auto-exploring this place.
 F = Levels seen in this place.
 G = Mean time per level.
                   A        B        C        D        E       F      G
               +--------+--------+--------+--------+--------+-----+--------+
         Total |  20266 |  19265 |   1001 |   7206 |   8073 |  15 | 1351.1 |
       Dungeon |  16944 |  16068 |    876 |   6439 |   6315 |  11 | 1540.4 |
          Lair |   3303 |   3179 |    124 |    767 |   1746 |   3 | 1101.0 |
         Abyss |     18 |     18 |      0 |      0 |     11 |   1 |   18.0 |
               +--------+--------+--------+--------+--------+-----+--------+

Top non-repeatable levels by time:
     D:3: 3254 daAuts
    D:11: 2218 daAuts
  Lair:2: 1906 daAuts
     D:5: 1765 daAuts
     D:2: 1516 daAuts
     D:4: 1327 daAuts
     D:6: 1267 daAuts
     D:9: 1219 daAuts
     D:7: 1152 daAuts
    D:10: 1133 daAuts
  Lair:1: 1123 daAuts
     D:1: 1061 daAuts
     D:8: 1028 daAuts
  Lair:3: 274 daAuts
 Abyss:1: 18 daAuts
